 Dungeon Sprint DCSS version 0.17-a0-2098-gf59d6bc (webtiles) character file.

193 Hedron the Frost Mage (level 5, -3/35 HPs)
             Began as a Merfolk Ice Elementalist on Oct 17, 2015.
             Killed by nerve-wracking pain
             ... invoked by a deep elf priest
              (11 damage)
             ... in the Dungeon (Sprint III: "The Ten Rune Challenge").
             The game lasted 00:04:14 (664 turns).

Hedron the Frost Mage (Merfolk Ice Elementalist)     Turns: 664, Time: 00:04:15

Health: -3/35      AC:  2    Str:  9    XL:     5   Next: 72%
Magic:  6/14       EV: 13    Int: 15    God:
Gold:   30         SH:  0    Dex: 16    Spells: 5 memorised, 4 levels left

rFire  . . .     SeeInvis .     n - +0 dagger
rCold  . . .     Clarity  .     a - +0 robe
rNeg   . . .     SustAt   .     (no shield)
rPois  .         Gourm    .     (helmet restricted)
rElec  .         Spirit   .     (no cloak)
rCorr  .         Warding  .     (no gloves)
rMut   .         NoTele   +     (no boots)
MR     .....                    (no amulet)
Stlth  ++........               (no ring)
                                (no ring)

@: short of breath, very slightly contaminated, not resistant to hostile
enchantments, unstealthy
A: change form in water, swift swim, horns 1, agile 1, breathe flames 1
a: Breathe Fire


You were in the Dungeon.
You were hungry.

You visited 1 branch You collected 30 gold pieces.

Inventory:

Hand Weapons
 n - a +0 dagger (weapon)
Armour
 a - a +0 robe (worn)
Scrolls
 i - a scroll of blinking
 m - 2 scrolls of torment
 o - a scroll of magic mapping {unknown}
 r - a scroll of enchant weapon {unknown}
Potions
 f - 2 potions of haste
 g - 2 potions of magic
 h - a potion of mutation
 p - 4 potions of cure mutation
 q - 3 potions of flight
Books
 b - a book of Frost

   Spells                             Type                      Level
   a - Freeze                         Ice                          1
   b - Throw Frost                    Conjuration/Ice              2
   c - Ozocubu's Armour               Charms/Ice                   3
   d - Throw Icicle                   Conjuration/Ice              4
   e - Summon Ice Beast               Ice/Summoning                4
   f - Condensation Shield            Ice                          4
 k - a book of Air

   Spells                             Type                      Level
   a - Shock                          Conjuration/Air              1
   b - Swiftness                      Charms/Air                   2
   c - Repel Missiles                 Charms/Air                   2
   d - Static Discharge               Conjuration/Air              3
   e - Lightning Bolt                 Conjuration/Air              5
Comestibles
 c - 2 bread rations
 j - 2 chunks of flesh
 s - a meat ration


   Skills:
 - Level 2.6 Dodging
 - Level 2.1 Stealth
 * Level 7.1 Spellcasting
 + Level 2.2 Conjurations
 + Level 2.7 Charms
 * Level 8.8 Ice Magic


You had 4 spell levels left.
You knew the following spells:

 Your Spells              Type           Power        Failure   Level  Hunger
a - Freeze                Ice            ####         1%          1    None
b - Throw Frost           Conj/Ice       ###...       1%          2    None
c - Ozocubu's Armour      Chrm/Ice       ###.....     3%          3    ##.....
d - Condensation Shield   Ice            ####......   3%          4    ####...
e - Throw Icicle          Conj/Ice       ###.....     17%         4    ####...


Dungeon Overview and Level Annotations

Branches:
Dungeon (1/1)

Altars:
Elyvilon
Kikubaaqudgha
Sif Muna
Vehumet
Zin
The Shining One


Innate Abilities, Weirdness & Mutations

You revert to your normal form in water.
You are very nimble and swift while swimming.
You have a pair of small horns on your head.
You are agile. (Dex +2)
You can breathe flames.


Message History

Aim: a deep elf priest, wielding a long sword of holy wrath (lightly wounded)
You miscast Throw Icicle.
You are very lightly contaminated with residual magic.
Wisps of condensation drift from your hands.
The deep elf priest hits you with a long sword of holy wrath!
Casting: Throw Icicle
Confirm with . or Enter, or press ? or * to list all spells.
Aiming: Throw Icicle
Press: ? - help, Shift-Dir - straight line, f/p - deep elf priest
Aim: a deep elf priest, wielding a long sword of holy wrath (lightly wounded)
The shard of ice hits the deep elf priest.
The deep elf priest is moderately wounded.
The deep elf priest hits you with a long sword of holy wrath!
* * * LOW HITPOINT WARNING * * *
Drink which item? (? for menu, Esc to quit)
You feel better.
There is an open door here.
The deep elf priest invokes the aid of its god against you.
Pain shoots through your body!
You die...

▓▓▓▓▓ ▓▓▓ #.[.####
##.#####
#......#####..#___#
#.......#..#..#!..#
##.##...#..#..###e#+###+#
##.###..##'#..#..........
###.##..###...'.@........
#..##..####...#...######+
...##÷.###....#.⌠.#
..##...##...b.#...#
.##....#....b.#'###
###..##.#.....#)).# #
#..#####....#___# ▓ ▓▓▓▓
▓▓▓▓▓▓▓▓▓▓


You could see a deep elf priest.

Vanquished Creatures
  A water elemental (D)
  A scorpion (D)
  Jessica (D)
  A wizard (D)
  A human (D)
  A kobold demonologist (D)
  An ooze (D)
  2 rats (D)
9 creatures vanquished.

Vanquished Creatures (others)
  2 draconian scorchers (D)
  A yaktaur (D)
3 creatures vanquished.

Grand Total: 12 creatures vanquished

Notes
Turn   | Place    | Note
--------------------------------------------------------------
     0 | D        | Hedron the Merfolk Ice Elementalist began the quest for the Orb.
     0 | D        | Reached XP level 1. HP: 13/13 MP: 3/3
    30 | D        | Killed a yaktaur
    32 | D        | Reached skill level 4 in Ice Magic
   145 | D        | Noticed Jessica
   153 | D        | Killed Jessica
   153 | D        | Reached skill level 5 in Ice Magic
   153 | D        | Reached XP level 2. HP: 19/19 MP: 2/7
   153 | D        | Reached XP level 3. HP: 24/24 MP: 2/8
   199 | D        | Killed a white draconian scorcher
   201 | D        | Killed a white draconian scorcher
   210 | D        | Learned a level 2 spell: Throw Frost
   229 | D        | Noticed a scorpion
   245 | D        | Reached skill level 6 in Ice Magic
   249 | D        | Killed a scorpion
   249 | D        | Reached skill level 7 in Ice Magic
   249 | D        | Reached XP level 4. HP: 15/30 MP: 1/12
   435 | D        | Learned a level 3 spell: Ozocubu's Armour
   440 | D        | Learned a level 4 spell: Condensation Shield
   445 | D        | Learned a level 4 spell: Throw Icicle
   468 | D        | Gained mutation: You can breathe flames. [potion of mutation]
   468 | D        | Gained mutation: You are agile. (Dex +2) [potion of mutation]
   468 | D        | Gained mutation: You have a pair of small horns on your head. [potion of mutation]
   474 | D        | Noticed a water elemental
   475 | D        | Killed a water elemental
   475 | D        | Reached skill level 1 in Conjurations
   475 | D        | Reached skill level 8 in Ice Magic
   475 | D        | Reached XP level 5. HP: 35/35 MP: 14/14
   491 | D        | Found a radiant altar of Vehumet.
   492 | D        | Found a deep blue altar of Sif Muna.
   492 | D        | Found an ancient bone altar of Kikubaaqudgha.
   492 | D        | Noticed a wizard
   497 | D        | Killed a wizard
   653 | D        | Found a glowing silver altar of Zin.
   653 | D        | Found a glowing golden altar of the Shining One.
   653 | D        | Found a white marble altar of Elyvilon.
   654 | D        | Noticed a deep elf priest
   657 | D        | HP: 1/35 [deep elf priest/a malign offering (22)]
   664 | D        | Killed from afar by a deep elf priest

Vault maps used:
D:        dungeon_sprint_mu

Action                   |  1- 3 |  4- 6 || total
-------------------------+-------+-------++-------
Melee: Unarmed           |    11 |       ||    11
       Club              |     6 |       ||     6
 Cast: Freeze            |    14 |     4 ||    18
       Ozocubu's Armour  |       |     1 ||     1
       Throw Icicle      |       |     1 ||     1
 Abil: Breathe Fire      |       |     3 ||     3
  Use: Potion            |     1 |     3 ||     4
       Scroll            |       |     4 ||     4
 Stab: Sleeping          |     1 |       ||     1
